 Dungeon Crawl Stone Soup version 0.31.0-4-g52a2dc7128 (webtiles) character file.

Game seed: 11755295343832461212

105051 James the Peltast (level 14, -4/136 HPs)
             Began as a Minotaur Monk on Jan 21, 2024.
             Was a High Priest of Okawaru.
             Slain by a vault guard
             ... wielding a +1 halberd of distortion
              (16 damage)
             ... on level 14 of the Dungeon.
             The game lasted 01:40:12 (27477 turns).

James the Peltast (Minotaur Monk)                  Turns: 27477, Time: 01:40:12

Health: -4/136     AC: 17    Str: 22    XL:     14   Next: 93%
Magic:  27/27      EV: 14    Int: 11    God:    Okawaru [*****.]
Gold:   2018       SH: 20    Dex: 15    Spells: 13/13 levels left

rFire   . . .        a - +4 morningstar (elec)
rCold   . . .        k - +0 tower shield
rNeg    . . .        S - +2 ring mail "Wyol" {Will+}
rPois   .            Z - +2 hat {SInv}
rElec   +            R - +1 cloak
rCorr   .            F - +0 pair of gloves
SInv    +            (no boots)
Will    ++...        z - amulet "Xaariygi" {Regen+ Str+3}
Stlth   +            e - ring of Deoretu {rElec rF+ MP+9 Int+4}
HPRegen 1.22/turn    o - ring of protection from cold
MPRegen 0.20/turn

%: no passive effects
@: about to teleport
A: horns 2, hated by all, no earth magic, no alchemy magic, no translocations
magic, inexperienced 1, temperature sensitive, retaliatory headbutt
a: Renounce Religion, Heroism, Finesse, Duel


You were on level 14 of the Dungeon.
You worshipped Okawaru.
Okawaru was extremely pleased with you.
You visited 4 branches of the dungeon, and saw 22 of its levels.
You visited the Abyss 1 time.
You also visited: Sewer and Gauntlet.

You collected 2018 gold pieces.

Inventory:

Hand Weapons
 a - a +4 morningstar of electrocution (weapon)
   (You took it off an orc on level 3 of the Dungeon)
 P - the +6 arbalest "Damnation" {damnation}
   (You found it on level 13 of the Dungeon)
 W - a +2 morningstar of protection
   (You took it off a death knight on level 14 of the Dungeon)
Missiles
 f - 6 atropa-tipped darts
 l - 8 silver javelins
 m - 13 boomerangs
 v - 49 poisoned darts
 x - 7 throwing nets {!f}
 E - 12 curare-tipped darts (quivered) {!f}
 K - 3 darts of dispersal {!f}
Armour
 k - a +0 tower shield (worn)
   (You found it on level 3 of the Lair of Beasts)
 n - a +1 kite shield of reflection
   (You took it off a tengu warrior on level 13 of the Dungeon)
 s - a +4 scale mail
   (You found it on level 2 of the Dungeon)
 B - a +2 ring mail of cold resistance
   (You found it in a Gauntlet)
 F - a +0 pair of gloves (worn)
   (You found it on level 13 of the Dungeon)
 R - a +1 cloak (worn)
   (You found it on level 3 of the Dungeon)
 S - the +2 ring mail "Wyol" (worn) {Will+}
   (You found it on level 10 of the Dungeon)

   Will+:     It increases your willpower.
 Z - a +2 hat of see invisible (worn)
   (You acquired it on level 7 of the Dungeon)
Jewellery
 e - the ring of Deoretu (left hand) {rElec rF+ MP+9 Int+4}
   (You found it in a Gauntlet)

   [ring of protection from fire]

   Int+4:     It affects your intelligence (+4).
   rF+:       It protects you from fire.
   rElec:     It insulates you from electricity.
   MP+9:      It affects your magic capacity (+9).
 g - a ring of fire
   (You found it on level 7 of the Dungeon)
 o - a ring of protection from cold (right hand)
   (You found it on level 3 of the Dungeon)
 z - the amulet "Xaariygi" (around neck) {Regen+ Str+3}
   (You took it off a minotaur in a Gauntlet)

   [amulet of regeneration]

   Str+3:     It affects your strength (+3).
   Regen+:    It increases your rate of health regeneration.
 A - a +5 ring of evasion
   (You found it on level 8 of the Dungeon)
 T - a +6 ring of dexterity
   (You found it in a Gauntlet)
 U - a ring of resist corrosion
   (You found it on level 5 of the Lair of Beasts)
Wands
 d - a wand of iceblast (6)
   (You found it on level 2 of the Lair of Beasts)
 t - a wand of flame (39)
   (You found it on level 10 of the Dungeon)
 u - a wand of paralysis (23)
   (You found it on level 3 of the Dungeon)
 w - a wand of polymorph (6)
   (You found it on level 12 of the Dungeon)
 D - a wand of mindburst (9)
   (You took it off a gnoll on level 9 of the Dungeon)
Scrolls
 b - 2 scrolls of enchant armour
 i - 2 scrolls of vulnerability {!r}
 p - 3 scrolls of revelation
 C - 3 scrolls of immolation {!r}
 I - 2 scrolls of fog
 L - 2 scrolls of blinking
 N - 2 scrolls of silence
 O - a scroll of torment {unknown}
 Q - 3 scrolls of poison {!r}
 V - 5 scrolls of teleportation {@r4}
Potions
 c - 3 potions of ambrosia
 h - a potion of lignification {!q}
 j - 5 potions of magic
 q - 6 potions of might
 r - 8 potions of haste {@q3}
 y - 9 potions of brilliance
 G - 2 potions of resistance
 M - 2 potions of enlightenment
 X - 3 potions of invisibility
 Y - 8 potions of curing {@q1}
Miscellaneous
 J - a lightning rod (4/4) {!a}
   (You found it on level 4 of the Lair of Beasts)


   Skills:
 + Level 15.8 Fighting
 - Level 16.0 Maces & Flails
 + Level 15.8 Armour
 - Level 8.0 Dodging
 * Level 18.3 Shields
 * Level 7.2 Invocations


You had 13 spell levels left.
You didn't know any spells.
Your spell library contained the following spells:

 Spells                   Type           Power      Damage    Failure   Level
 Magic Dart               Conj           0%         1d3       67%         1
 Necrotise                Necr           0%         1d4       67%         1
 Ensorcelled Hibernation  Hex/Ice        0%         N/A       82%         2
 Scorch                   Fire           0%         2d5       82%         2
 Searing Ray              Conj           0%         2d4       82%         2
 Static Discharge         Conj/Air       0%         3-3/arc   82%         2
 Sublimation of Blood     Necr           0%         N/A       82%         2
 Fugue of the Fallen      Necr           0%         N/A       96%         3
 Airstrike                Air            0%         2d(0-16)  100%        4
 Anguish                  Hex/Necr       0%         N/A       100%        4
 Flame Wave               Conj/Fire      0%         2d4       100%        4
 Fireball                 Conj/Fire      0%         3d3       100%        5
 Iskenderun's Battlesphe  Conj           0%         2d6       100%        5
 Conjure Ball Lightning   Conj/Air       0%         3x3d6     100%        6
 Orb of Destruction       Conj           0%         9d5       100%        7
 Apportation              Tloc           Unusable   N/A       N/A         1
 Sting                    Conj/Alch      Unusable   1d3       N/A         1
 Summon Small Mammal      Summ           Unusable   N/A       N/A         1
 Call Imp                 Summ           Unusable   N/A       N/A         2
 Brom's Barrelling Bould  Conj/Erth      Unusable   2d3       N/A         4
 Fulminant Prism          Conj/Alch      Unusable   3d5       N/A         4
 Summon Lightning Spire   Summ/Air       Unusable   N/A       N/A         4
 Summon Cactus Giant      Summ           Unusable   N/A       N/A         6
 Summon Hydra             Summ           Unusable   N/A       N/A         7

Dungeon Overview and Level Annotations

Branches:
Dungeon (14/15)            Temple (1/1) D:7            Lair (5/5) D:10
 Shoals (0/4) Lair:3        Snake (0/4) Lair:3        Slime (0/5) Lair:4
    Orc (2/2) D:12            Elf (0/3) Orc:2        Vaults (0/5) D:14
  Sewer (visited)         Gauntlet (visited)

Altars:
Ashenzari
Cheibriados
Dithmenos
Elyvilon
Gozag
Kikubaaqudgha
Makhleb
Nemelex Xobeh
Okawaru
Qazlal
Ru
Sif Muna
Trog
Uskayaw
Vehumet
Wu Jian
Xom
Zin
The Shining One

Shops:
D:13 (   Orc:2 =?[[

Annotations:
Orc:2 exclusion: 4 orange crystal statues


Innate Abilities, Weirdness & Mutations

You have a pair of horns on your head.
You are hated by all.
You cannot study or cast Earth magic.
You cannot study or cast Alchemy magic.
You cannot study or cast Translocations magic.
You are somewhat inexperienced. (-1 XL)
You are sensitive to extremes of temperature. (rF-, rC-)
You reflexively headbutt those who attack you in melee.


Message History

Unknown command.
You hit the vault guard but do no damage.
Lightning courses through the vault guard!!
The vault guard closely misses you. You block the vault guard's attack.
Unknown command.
You closely miss the vault guard.
The vault guard hits you with a +3 battleaxe!
* * * LOW HITPOINT WARNING * * *
You block the vault guard's attack.
You sock the vault guard! You block the vault guard's attack.
The vault guard hits you but does no damage.
Space warps around you.
* * * LOW HITPOINT WARNING * * *
You hit the vault guard but do no damage.
The vault guard hits you with a +3 battleaxe!
* * * LOW HITPOINT WARNING * * *
The vault guard hits you with a +1 halberd of distortion.
* * * LOW HITPOINT WARNING * * *
You blink.
Unknown command.
You block the vault guard's attack.
The vault guard hits you from afar with a +1 halberd of distortion!
* * * LOW HITPOINT WARNING * * *
Space warps around you.
* * * LOW HITPOINT WARNING * * *
You block the vault guard's attack.
The vault guard hits you with a +1 halberd of distortion!
* * * LOW HITPOINT WARNING * * *
Space warps around you.
* * * LOW HITPOINT WARNING * * *
You feel much better. You block the vault guard's attack. x2
Unknown command.
As you read the scroll of teleportation {@r4}, it crumbles to dust.
You feel strangely unstable. The vault guard closely misses you.
The vault guard hits you but does no damage.
Space warps horribly around you!
* * * LOW HITPOINT WARNING * * *
Unknown command.
You hit the vault guard but do no damage.
Unknown command.
You closely miss the vault guard. You headbutt the vault guard.
You block the vault guard's attack.
The vault guard hits you with a +1 halberd of distortion!
* * * LOW HITPOINT WARNING * * *
You resist the pull of the Abyss.
You feel much better. You block the vault guard's attack.
The vault guard hits you with a +1 halberd of distortion!!
* * * LOW HITPOINT WARNING * * *
Space warps horribly around you!
You die...

####### p #.....# p #.....# p
########[###### .
#...#.........######## .
##...#.........#......# .
#....######....#......#
p######...#....pp...#..######
p.....#...#....#@...#.....#.#####
##p...p...#....#....#.....#......
#....#...#....######..####......
######...#..p.'....#.....#######
#........###'##....####......#..
+........'....#....#..#......#..
#....#...#....#....#..#......#..
#....#####...########'####'#####
#........#...#........#....'....


You could see 2 vault guards.

Vanquished Creatures
  Rupert (D:13)
  Agnes (D:14)
  A dire elephant (Lair:5)
  A minotaur (Gauntlet)
  Snorg (D:13)
  2 hydras (Lair:3)
  A hell beast (Gauntlet)
  3 catoblepae
  4 ogre magi
  5 centaur warriors
  5 boulder beetles
  A death knight (D:14)
  17 two-headed ogres
  A deep troll shaman (Lair:5)
  8 death yaks
  2 tengu warriors (D:13)
  A thrashing horror (Abyss:2)
  A soul eater (Gauntlet)
  Sonja (Lair:5)
  5 skeletal warriors
  The ghost of manix the Covert, a novice KoBr of Dithmenos (D:9)
  A spatial maelstrom (Abyss:2)
  A wretched star (Abyss:2)
  3 skysharks
  A sixfirhy (Abyss:2)
  A glowing orange brain (Abyss:2)
  A lindwurm (Lair:4)
  2 orc knights
  A deep elf pyromancer (D:13)
  6 ugly things (D:14)
  An oklob plant (Lair:2)
  2 cyclopes
  A merfolk siren (Lair:3)
  3 manticores
  A worldbinder (Abyss:2)
  10 elephants
  3 meliai (D:13)
  7 black mambas
  2 kobold blastminers (Orc:2)
  2 torpor snails
  A smoke demon (Abyss:2)
  An ice statue (Gauntlet)
  An unseen horror (D:11)
  6 rime drakes
  12 cane toads
  2 efreet
  3 freezing wraiths
  A hellion (D:13)
  15 komodo dragons
  Psyche (D:9)
  5 trolls
  An ancient zyme (Abyss:2)
  5 polar bears
  17 blink frogs
  4 dream sheep
  24 slime creatures
  A centaur simulacrum (D:14)
  2 vampires
  9 wraiths
  A shadow (D:10)
  Sigmund (D:5)
  53 yaks
  9 wyverns
  2 wargs (Orc:1)
  Grum (D:9)
  A steam dragon (Lair:3)
  3 basilisks
  5 vampire mosquitoes
  A chaos spawn (Abyss:2)
  19 water moccasins
  2 nagas (Lair:3)
  A hell hound (Gauntlet)
  Duvessa (D:6)
  A sky beast (D:8)
  4 acid dragons
  12 orc warriors
  2 black bears
  2 ice beasts
  30 ogres
  4 centaurs
  8 starcursed masses (Abyss:2)
  23 wolves
  2 phantoms (D:5)
  Blork the orc (D:4)
  6 kobold brigands
  12 bullfrogs
  4 gnoll sergeants
  6 small abominations (Abyss:2)
  4 scorpions
  8 wights
  Dowan (D:6)
  10 killer bees
  3 electric eels
  25 orc priests
  4 hounds
  5 jellies
  2 sleepcaps
  Crazy Yiuf (D:7)
  2 gnoll boudas
  An iron imp (Abyss:2)
  5 iguanas
  26 orc wizards
  35 gnolls
  8 adders
  2 river rats
  4 shadow imps (Gauntlet)
  3 white imps
  2 ufetubi (D:6)
  10 ribbon worms
  4 dart slugs
  65 orcs
  12 ball pythons
  8 endoplasms
  4 giant cockroaches
  7 goblins
  4 hobgoblins
  4 quokkas
  8 bats
  7 frilled lizards
  22 kobolds
  16 rats
762 creatures vanquished.

Vanquished Creatures (others)
  A hydra (Lair:2)
  2 orcs (D:12)
3 creatures vanquished.

Grand Total: 765 creatures vanquished

Notes
Turn   | Place    | Note
-------+----------+-------------------------------------------
     0 | D:1      | James the Minotaur Monk began the quest for the Orb.
     0 | D:1      | Reached XP level 1. HP: 19/19 MP: 0/0
   103 | D:1      | Reached XP level 2. HP: 26/26 MP: 1/1
   553 | D:1      | Reached skill level 5 in Maces & Flails
   652 | D:2      | Reached XP level 3. HP: 31/31 MP: 2/2
  1133 | D:2      | Reached XP level 4. HP: 36/39 MP: 3/3
  1966 | D:3      | Reached XP level 5. HP: 41/45 MP: 4/4
  2102 | D:3      | Found a faded altar of an unknown god.
  2507 | D:3      | Found a broken altar of Ashenzari.
  2861 | D:4      | Found a glowing drain.
  2865 | Sewer    | Entered a sewer
  2884 | Sewer    | Reached XP level 6. HP: 48/51 MP: 5/5
  3128 | Sewer    | Reached XP level 7. HP: 43/57 MP: 6/6
  3303 | D:4      | Found an ornate altar of the Wu Jian Council.
  3356 | D:4      | Reached skill level 10 in Maces & Flails
  3389 | D:4      | Noticed Blork the orc
  3399 | D:4      | Killed Blork the orc
  3400 | D:4      | Reached skill level 1 in Armour
  3583 | D:4      | Found a shimmering altar of Xom.
  4047 | D:5      | Entered Level 5 of the Dungeon
  4319 | D:5      | Reached XP level 8. HP: 58/66 MP: 7/7
  4331 | D:5      | Noticed Sigmund
  4337 | D:5      | Killed Sigmund
  5187 | D:6      | Reached skill level 5 in Armour
  5189 | D:6      | Reached skill level 5 in Fighting
  5254 | D:6      | Noticed Dowan
  5259 | D:6      | Killed Dowan
  5264 | D:6      | Noticed Duvessa
  5283 | D:6      | Killed Duvessa
  5344 | D:6      | Reached XP level 9. HP: 69/74 MP: 8/8
  5845 | D:7      | Identified a scroll of acquirement
  5845 | D:7      | Acquired a +2 hat of see invisible
  6349 | D:7      | Found a runed translucent door.
  6350 | D:7      | Noticed Crazy Yiuf
  6360 | D:7      | Found a staircase to the Ecumenical Temple.
  6370 | Temple   | Entered the Ecumenical Temple
  6380 | Temple   | Became a worshipper of Ru the Awakened
  6393 | D:7      | Gained mutation: You cannot study or cast Earth magic. [Ru
                  | sacrifice]
  6393 | D:7      | Gained mutation: You cannot study or cast Alchemy magic.
                  | [Ru sacrifice]
  6393 | D:7      | Gained mutation: You cannot study or cast Translocations
                  | magic. [Ru sacrifice]
  6393 | D:7      | Reached * piety under Ru
  6468 | D:7      | Noticed a +0 short sword
  6468 | D:7      | Noticed a +0 spear
  6469 | D:7      | Noticed a +0 falchion
  6469 | D:7      | Noticed a +0 dagger
  6470 | D:7      | Noticed a +0 spear
  6470 | D:7      | Noticed a +0 falchion
  6470 | D:7      | Noticed a +0 short sword
  6470 | D:7      | Noticed a +0 dagger
  6486 | D:7      | Found a hide-covered altar of Uskayaw.
  6854 | D:7      | Found an iron altar of Okawaru.
  6855 | D:7      | Found a sparkling altar of Nemelex Xobeh.
  7162 | D:7      | Killed Crazy Yiuf
  7303 | D:8      | Reached skill level 1 in Shields
  7306 | D:8      | Reached skill level 2 in Shields
  7347 | D:8      | Reached skill level 3 in Shields
  7667 | D:8      | Found a basalt altar of Yredelemnul.
  7786 | D:9      | Reached skill level 4 in Shields
  7880 | D:9      | Reached skill level 5 in Shields
  7929 | D:9      | Noticed Grum
  7962 | D:9      | Reached XP level 10. HP: 84/84 MP: 9/9
  7967 | D:9      | Killed Grum
  7968 | D:9      | Reached skill level 6 in Shields
  8138 | D:9      | Noticed Psyche
  8176 | D:9      | Killed Psyche
  8291 | D:9      | Reached skill level 7 in Shields
  8707 | D:9      | Found a stormy altar of Qazlal.
  8761 | D:9      | Found a runed translucent gate.
  8761 | D:9      | Found a runed translucent gate.
  8761 | D:9      | Found a runed translucent gate.
  8762 | D:9      | Noticed manix's ghost (novice KoBr)
  9125 | D:10     | Entered Level 10 of the Dungeon
  9125 | D:10     | Noticed a two-headed ogre
  9129 | D:10     | Killed a two-headed ogre
  9349 | D:10     | Reached skill level 8 in Shields
  9513 | D:10     | Reached XP level 11. HP: 95/95 MP: 10/10
  9519 | D:10     | Found a staircase to the Lair.
  9890 | D:10     | Identified the +2 ring mail "Wyol" {Will+}
 10194 | D:10     | Gained mutation: You are sensitive to extremes of
                  | temperature. (rF-, rC-) [Ru sacrifice]
 10194 | D:10     | Reached ** piety under Ru
 10194 | D:10     | Reached *** piety under Ru
 10290 | D:11     | Reached skill level 9 in Shields
 10932 | D:11     | Noticed a boulder beetle
 10946 | D:11     | Killed a boulder beetle
 11094 | D:11     | Reached skill level 15 in Maces & Flails
 11122 | D:11     | Noticed a two-headed ogre
 11126 | D:11     | Killed a two-headed ogre
 11318 | Lair:1   | Entered Level 1 of the Lair of Beasts
 11711 | Lair:1   | Reached skill level 10 in Fighting
 11718 | Lair:1   | Reached skill level 10 in Armour
 11718 | Lair:1   | Reached skill level 10 in Shields
 11850 | Lair:1   | Identified the +0 robe "Vimaeng" {Str+3 Dex+4 SInv Stlth-}
 12286 | Lair:1   | Reached XP level 12. HP: 106/107 MP: 11/11
 13051 | Lair:1   | Gained mutation: You are somewhat inexperienced. (-1 XL)
                  | [Ru sacrifice]
 13051 | Lair:1   | Reached XP level 11. HP: 101/101 MP: 10/10
 13051 | Lair:1   | Reached **** piety under Ru
 13051 | Lair:1   | Reached ***** piety under Ru
 13120 | Lair:2   | Noticed a four-headed hydra
 13149 | Lair:2   | Killed a four-headed hydra
 13231 | Lair:2   | Reached skill level 11 in Shields
 13780 | Lair:2   | Noticed a catoblepas
 13808 | Lair:2   | Killed a catoblepas
 14578 | Lair:3   | Noticed a four-headed hydra
 14587 | Lair:3   | Killed a four-headed hydra
 14648 | Lair:3   | Reached skill level 5 in Dodging
 14648 | Lair:3   | Reached skill level 12 in Shields
 14842 | Lair:3   | Found a staircase to the Snake Pit.
 14949 | Lair:3   | Found a staircase to the Shoals.
 15342 | Lair:3   | Noticed a five-headed hydra
 15366 | Lair:3   | Killed a five-headed hydra
 15367 | Lair:3   | Reached XP level 12. HP: 112/112 MP: 11/11
 16268 | Lair:4   | Found a staircase to the Slime Pits.
 16273 | Lair:4   | Found a viscous altar of Jiyva.
 16737 | Lair:4   | Reached skill level 13 in Shields
 17338 | Lair:5   | Entered Level 5 of the Lair of Beasts
 17737 | Lair:5   | Noticed Sonja
 18078 | Lair:5   | Reached skill level 14 in Shields
 18098 | Lair:5   | Killed Sonja
 18566 | Lair:5   | Reached XP level 13. HP: 83/123 MP: 12/12
 19332 | Lair:5   | Reached skill level 15 in Shields
 19741 | D:9      | Killed manix's ghost
 20286 | D:12     | Gained mutation: You are hated by all. [Ru sacrifice]
 20286 | D:12     | Reached ****** piety under Ru
 21059 | D:12     | Found a staircase to the Orcish Mines.
 21191 | D:7      | Fell from the grace of Ru
 21191 | D:7      | Became a worshipper of Warmaster Okawaru
 21305 | D:13     | Reached skill level 16 in Shields
 21367 | D:13     | Found Tukau's Antique Weapon Boutique.
 21509 | D:13     | Found a gate leading to a gauntlet.
 21523 | Gauntlet | Entered a Gauntlet
 21523 | Gauntlet | Found a transporter.
 21533 | Gauntlet | Found a transporter.
 21547 | Gauntlet | Found a transporter.
 21553 | Gauntlet | Found a transporter.
 21570 | Gauntlet | Found a transporter.
 21587 | Gauntlet | Found a transporter.
 21599 | Gauntlet | Found a transporter.
 21605 | Gauntlet | Found a transporter.
 21607 | Gauntlet | Found a transporter.
 21624 | Gauntlet | Found a transporter.
 21630 | Gauntlet | Found a transporter.
 21649 | Gauntlet | Found a transporter.
 21657 | Gauntlet | Found a large runed translucent door.
 21658 | Gauntlet | Found a large runed translucent door.
 21659 | Gauntlet | Found a large runed translucent door.
 21659 | Gauntlet | Found a large runed translucent door.
 21660 | Gauntlet | Found a runed translucent gate.
 21661 | Gauntlet | Found a transporter.
 21661 | Gauntlet | Found a runed translucent gate.
 21662 | Gauntlet | Found a runed translucent gate.
 21663 | Gauntlet | Found a large runed translucent door.
 21663 | Gauntlet | Found a large runed translucent door.
 21664 | Gauntlet | Found a large runed translucent door.
 21665 | Gauntlet | Found a large runed translucent door.
 21674 | Gauntlet | Found a large runed translucent door.
 21674 | Gauntlet | Found a large runed translucent door.
 21674 | Gauntlet | Found a runed translucent door.
 21674 | Gauntlet | Found a runed translucent door.
 21675 | Gauntlet | Found a large runed translucent door.
 21676 | Gauntlet | Found a large runed translucent door.
 21678 | Gauntlet | Found a transporter.
 21685 | Gauntlet | Found a large runed translucent door.
 21685 | Gauntlet | Found a large runed translucent door.
 21686 | Gauntlet | Found a large runed translucent door.
 21687 | Gauntlet | Found a large runed translucent door.
 21695 | Gauntlet | Found a transporter.
 21697 | Gauntlet | Found a transporter.
 21722 | Gauntlet | Found a transporter.
 21724 | Gauntlet | Found a transporter.
 22304 | Gauntlet | Reached * piety under Okawaru
 22318 | Gauntlet | Identified the ring of Deoretu {rElec rF+ MP+9 Int+4}
 22391 | Gauntlet | Identified the amulet "Xaariygi" {Regen+ Str+3}
 22404 | Gauntlet | Reached skill level 1 in Invocations
 22615 | D:13     | Reached ** piety under Okawaru
 23207 | D:13     | Reached *** piety under Okawaru
 23214 | D:13     | Noticed Rupert
 23221 | D:13     | Killed Rupert
 23222 | D:13     | Reached XP level 14. HP: 133/133 MP: 15/15
 23263 | D:13     | Identified the +7 glaive of the Radish {freeze, Int+3 SInv
                  | Stlth+}
 23274 | D:13     | Noticed Snorg
 23283 | D:13     | Killed Snorg
 23284 | D:13     | Reached skill level 15 in Fighting
 23340 | D:13     | Found the +6 arbalest "Damnation" {damnation}
 23610 | D:13     | Reached skill level 15 in Armour
 23788 | Orc:1    | Entered Level 1 of the Orcish Mines
 24054 | Orc:2    | Entered Level 2 of the Orcish Mines
 24195 | Orc:2    | Found Visar's Magic Scroll Shoppe.
 24195 | Orc:2    | Found Lunokebb's Antique Armour Boutique.
 24195 | Orc:2    | Found Kihas's Jewellery Shop.
 24195 | Orc:2    | Found Mujedig's Armour Shoppe.
 24211 | Orc:2    | Reached skill level 17 in Shields
 24232 | Orc:1    | Reached **** piety under Okawaru
 24503 | Orc:2    | Reached ***** piety under Okawaru
 24535 | Orc:2    | Reached skill level 5 in Invocations
 24769 | Orc:2    | Found a staircase to the Elven Halls.
 24866 | Orc:2    | Found a runed translucent door.
 24875 | Orc:2    | Found the +10 tower shield of Ignorance {rN+ Int-4}
 24940 | Orc:2    | Found a runed translucent door.
 26394 | D:14     | Received a gift from Okawaru
 26516 | D:14     | Reached skill level 18 in Shields
 26816 | D:14     | Noticed Agnes
 26831 | D:14     | Killed Agnes
 26923 | D:14     | Found a gate to the Vaults.
 26950 | Abyss:2  | Cast into level 2 of the Abyss (vault guard)
 27367 | Abyss:2  | Received a gift from Okawaru
 27458 | D:14     | Escaped the Abyss
 27476 | D:14     | HP: 6/136 [vault guard/+1 halberd of distortion (16)]
 27477 | D:14     | Slain by a vault guard

Illustrated notes

Levels and vault maps discovered:
D:1:      tekkud_arrival_beachfront_property, layout_basic, nicolae_the_louvre
D:2:      layout_loops_ring, nicolae_eternal_life, kennysheep_generic_room_12
D:3:      layout_basic, nicolae_ashenzari_skybound,
          hellmonk_ecumenical_altar_crossroads
D:4:      cheibrodos_old_hovel, layout_cave_pools,
          regret_index_xom_buried_treasure, overflow_temple_1_default,
          gup_sewer_entry_spiral, grunt_ministairs_8,
          kennysheep_generic_room_15, uniq_blork_the_orc
D:5:      layout_loops_ring, nicolae_wormholes, uniq_sigmund
D:6:      layout_basic, uniq_duvessa
D:7:      layout_basic, nicolae_uskayaw_en_pointe,
          mainiacjoe_overflow_divided_tiny, minmay_temple_entry_proselytizer,
          uniq_crazy_yiuf_cottage
D:8:      layout_rooms, lemuel_doored_altar
D:9:      layout_loops_corners, nicolae_qazlal_scattered_showers,
          gammafunk_ghost_spectres, dk_noncrumbling_4, uniq_psyche, uniq_grum
D:10:     layout_basic, lair_entry_dummy, corexii_corridor_pit
D:11:     layout_irregular_city
D:12:     layout_basic, hiddenorc1_lemuel
D:13:     layout_loops_ring, gauntlet_entry_generic, serial_shops,
          nicolae_shop_pleasant_corner_grove, hellmonk_guarded_unrand_damnation,
          uniq_snorg, uniq_rupert
D:14:     layout_grid_maze, erik_vaults_2, serial_glass, glass_columns_b,
          glass_columns_a, dk_noncrumbling_3, grunt_ministairs_2,
          zin_scriptorium, uniq_agnes
Temple:   nicolae_temple_great_sept
Lair:1:   layout_roguey, st_stairs_4, grunt_forest_large_clearings,
          lemuel_fruit_tree
Lair:2:   layout_hall_layers, minmay_lair_oklob_items, beast_lair_carwin_3
Lair:3:   nzn_winding_woodlands_cross [nzn_winding_woodlands_5x15_cabin,
          nzn_winding_woodlands_5x15_crooked,
          nzn_winding_woodlands_5x15_river_crossing,
          nzn_winding_woodlands_5x15_jagged,
          nzn_winding_woodlands_15x15_eel_pit], layout_regular_city,
          minmay_shoals_entry_lonely_mermaid, guppyfry_snake_entry_island
Lair:4:   layout_layer_cave, minmay_slime_entry_pillars, grunt_megastairs_4
Lair:5:   grunt_lair_end_beastmaster, layout_gridlike, grunt_megastairs_3,
          uniq_sonja
Orc:1:    layout_diamond_mine
Orc:2:    st_orc_ogre_mass, layout_caves, chequers_guarded_unrand_ignorance

Skill      XL: |  1  2  3  4  5  6  7  8  9 10 11 12 13 14 |
---------------+-------------------------------------------+-----
Maces & Flails | 4 5 6 8 9 10 12 13 14 16 | 16.0
Fighting       | 4 5 6 8 12 13 14 15 | 15.8
Armour         | 3 5 6 8 12 13 14 15 | 15.8
Dodging        | 4 5 7 8 |  8.0
Shields        | 5 8 12 14 16 18 | 18.3
Invocations    | 3 7 |  7.2

Action                     |  1- 3 |  4- 6 |  7- 9 | 10-12 | 13-15 || total
---------------------------+-------+-------+-------+-------+-------++-------
  Melee: Mace              |    64 |       |       |       |       ||    64
         Headbutt          |    13 |    22 |    81 |   274 |   251 ||   641
         Flail             |     7 |   163 |    42 |       |       ||   212
         Morningstar       |       |       |   249 |  1074 |  1034 ||  2357
  Throw: Dart              |       |       |       |     6 |     1 ||     7
 Invoke: Sacrifice Arcana  |       |       |     1 |       |       ||     1
         Sacrifice Experie |       |       |       |     1 |       ||     1
         Sacrifice Resista |       |       |       |     1 |       ||     1
         Reject Sacrifices |       |       |       |     1 |       ||     1
         Heroism           |       |       |       |       |     3 ||     3
         Sacrifice Love    |       |       |       |       |     1 ||     1
         Finesse           |       |       |       |       |     2 ||     2
  Evoke: Wand              |       |       |     1 |       |       ||     1
    Use: Scroll            |       |     9 |     8 |     8 |     7 ||    32
         Potion            |       |       |       |       |     6 ||     6
   Stab: Distracted        |       |       |       |     6 |     2 ||     8
         Petrified         |       |       |       |     2 |     7 ||     9
         Invisible         |       |       |       |     1 |     2 ||     3
 Armour: Robe              |     7 |       |       |       |       ||     7
         Ring mail         |    40 |    11 |       |       |   150 ||   201
         Scale mail        |       |    75 |   170 |   425 |   183 ||   853
         Skin              |       |       |       |     1 |       ||     1
         Acid dragon scale |       |       |       |     3 |       ||     3
  Dodge: Dodged            |    42 |    60 |   150 |   452 |   276 ||   980
  Block: Kite shield       |       |       |    23 |   366 |       ||   389
         Tower shield      |       |       |       |   251 |   955 ||  1206
